 Dungeon Crawl Stone Soup version 0.28.0-53-g5a82cb258f (webtiles) character file.

Game seed: 16838375949244932083

3146 Jerry the Shield-Bearer (level 9, -1/49 HPs)
             Began as a Vine Stalker Fighter on July 30, 2022.
             Was a Believer of Uskayaw.
             Killed from afar by a gargoyle (18 damage)
             ... with a stone arrow
             ... on level 7 of the Dungeon.
             The game lasted 00:20:57 (6304 turns).

Jerry the Shield-Bearer (Vine Stalker Fighter)      Turns: 6304, Time: 00:20:57

Health: -1/49      AC: 11    Str: 19    XL:     9   Next: 93%
Magic:  0/10       EV:  9    Int:  8    God:    Uskayaw [**....]
Gold:   321        SH:  6    Dex: 18    Spells: 8/8 levels left

rFire   . . .      SeeInvis .   f - +2 short sword (speed)
rCold   . . .      Faith    +   c - +0 buckler
rNeg    . . .      Spirit   +   b - +0 scale mail
rPois   .          Reflect  .   (no helmet)
rElec   .          Harm     .   (no cloak)
rCorr   .          Rampage  .   e - +1 pair of gloves
Will    +....                   m - +0 pair of boots
Stlth   ..........              p - amulet of faith
HPRegen 0.96/turn               (no ring)
MPRegen 0.12/turn               (no ring)

@: no status effects
A: fangs 3, regeneration 1, magic shield, antimagic bite, no potion heal 2
a: Renounce Religion, Stomp, Line Pass


You were on level 7 of the Dungeon.
You worshipped Uskayaw.
Uskayaw was noncommittal.
You visited 2 branches of the dungeon, and saw 9 of its levels.
You also visited: Ossuary.

You collected 321 gold pieces.

Inventory:

Hand Weapons
 a - a +0 rapier
 f - a +2 short sword of speed (weapon)
 o - a +2 dagger of venom
Missiles
 v - 2 throwing nets
Armour
 b - a +0 scale mail (worn)
 c - a +0 buckler (worn)
 e - a +1 pair of gloves (worn)
 m - a +0 pair of boots (worn)
Jewellery
 p - an amulet of faith (around neck)
Wands
 h - a wand of polymorph (12)
 u - a wand of charming (12)
Scrolls
 g - 2 scrolls of enchant weapon
 k - 4 scrolls of teleportation
 l - 3 scrolls of fog
 q - 3 scrolls of blinking
 r - 3 scrolls of identify
 s - a scroll of noise
 t - 3 scrolls of vulnerability
 w - 2 scrolls of silence
 x - a scroll of enchant armour
 z - a scroll of magic mapping
 A - a scroll of amnesia
Potions
 d - 8 potions of might
 i - 3 potions of brilliance
 j - a potion of lignification
 C - a potion of invisibility


   Skills:
 + Level 6.7 Fighting
 + Level 6.4 Short Blades
 + Level 6.1 Armour
 - Level 6.7 Shields
 + Level 0.8 Invocations


You had 8 spell levels left.
You didn't know any spells.
Your spell library contained the following spells:

 Spells                   Type           Power      Damage    Failure   Level
 Freeze                   Ice            0%         1d3       83%         1
 Magic Dart               Conj           0%         1d3       83%         1
 Sting                    Tmut/Pois      0%         1d3       83%         1
 Poisonous Vapours        Pois/Air       0%         N/A       92%         2
 Searing Ray              Conj           0%         2d4       92%         2
 Frozen Ramparts          Ice            0%         1d2       99%         3
 Ignite Poison            Fire/Tmut/Pois 0%         N/A       99%         3
 Mephitic Cloud           Conj/Pois/Air  0%         N/A       99%         3
 Fulminant Prism          Conj/Hex       0%         3d6       100%        4
 Hailstorm                Conj/Ice       0%         3d3       100%        4
 Olgreb's Toxic Radiance  Pois           0%         N/A       100%        4
 Freezing Cloud           Conj/Ice/Air   0%         6-21      100%        5


Dungeon Overview and Level Annotations

Branches:
Dungeon (8/15)             Temple (1/1) D:7         Ossuary (visited)
   Lair: D:8-11

Altars:
Ashenzari
Cheibriados
Elyvilon
Fedhas
Hepliaklqana
Makhleb
Nemelex Xobeh
Okawaru
Qazlal
Ru
Trog
Uskayaw
Vehumet
Wu Jian
Xom
Yredelemnul
Zin
The Shining One


Innate Abilities, Weirdness & Mutations

You have razor-sharp teeth.
Your natural rate of healing is unusually fast.
When hurt, damage is shared between your health and your magic reserves.
Your bite disrupts and absorbs the magic of your enemies.
Potions cannot restore your health.


Message History

The puff of flame hits the gargoyle.
The gargoyle is moderately damaged.
The now-empty wand crumbles to dust.
The gargoyle hurls a stone arrow at you.
The stone arrow hits you!
Nothing quivered!
The gargoyle hurls a stone arrow at you.
The stone arrow hits you.
The gargoyle hurls a stone arrow at you.
You block the stone arrow.
You see here a +0 dagger.
You see here a +0 dagger.
The gargoyle hurls a stone arrow at you.
The stone arrow misses you.
You see here a +0 dagger.
You see here a +0 dagger.
You closely miss the gargoyle.
You bite the gargoyle, but do no damage.
The gargoyle is lightly damaged.
You puncture the gargoyle! Your bite misses the gargoyle.
The gargoyle is heavily damaged.
The gargoyle hurls a stone arrow at you.
The stone arrow hits you!
You barely miss the gargoyle.
You bite the gargoyle, but do no damage.
The gargoyle is heavily damaged.
The gargoyle hurls a stone arrow at you.
The stone arrow hits you!!
You closely miss the gargoyle.
The gargoyle is heavily damaged.
You hit the gargoyle but do no damage.
The gargoyle is heavily damaged.
You hit the gargoyle.
You bite the gargoyle, but do no damage.
The gargoyle is heavily damaged.
The gargoyle hits you with a +0 mace!
You can now pass through a line of other dancers.
The gargoyle hurls a stone arrow at you.
The stone arrow hits you!!
You die...

#....#'#...#..#....P#.#.##..#.
#..........#..#.#'#.#9..#.#.#.
#.........##..#.#)#.#.#####.'.
##########....#.###.#.)..##.#.
#.##.#P...P#..#....#.
#..#.###'###.#.#.#.##
##.#..9..(...#.#.#...
#.#..##.####..##.##.
#..@####...##.#.#.#.
##........#####.#.## #####
##..##.#.#.#...#.#.# ##...####
##...#.#.####..#(#..#
##..#....####..#..........#.#...#
#...#.....##..##.#######.#.#.....
...###.....<####.#P...P#.#.#.#..#
...........## #.#.###{#.#...##.#
.#.....#...# #.# +$#.+...#.##..


You could see a gargoyle.

Vanquished Creatures
  Grinder (D:3)
  Prince Ribbit (D:7)
  2 wyverns
  A steam dragon (D:7)
  Menkaure (D:6)
  A water moccasin (D:6)
  2 orc warriors (D:6)
  A necrophage (D:7)
  An ice beast (D:5)
  2 sky beasts
  An ogre (D:7)
  A phantom (D:6)
  3 centaurs (D:7)
  2 bullfrogs
  A scorpion (D:5)
  3 killer bees (D:7)
  2 howler monkeys
  2 hounds (D:5)
  2 bullfrog zombies
  A gnoll shaman (D:8)
  4 jellies
  A bullfrog skeleton (D:7)
  3 iguanas
  4 orc wizards
  A killer bee zombie (D:7)
  4 mummies (Ossuary)
  5 gnolls (D:8)
  3 adders
  A worm (D:2)
  3 dart slugs
  14 orcs
  4 bats
  12 endoplasms
  2 giant cockroaches
  8 goblins
  6 hobgoblins
  4 jackals (D:1)
  3 quokkas
  4 ball pythons
  A frilled lizard (D:2)
  3 gnoll skeletons (Ossuary)
  4 gnoll zombies (Ossuary)
  3 goblin skeletons (Ossuary)
  6 goblin zombies (Ossuary)
  5 hobgoblin skeletons (Ossuary)
  4 hobgoblin zombies (Ossuary)
  7 kobolds
  4 kobold skeletons (Ossuary)
  5 kobold zombies (Ossuary)
  4 orc skeletons (Ossuary)
  3 orc zombies (Ossuary)
  6 rats
  6 rat skeletons (Ossuary)
  3 rat zombies (Ossuary)
  A bush (D:6)
182 creatures vanquished.

Vanquished Creatures (others)
  10 plants
10 creatures vanquished.

Grand Total: 192 creatures vanquished

Notes
Turn   | Place    | Note
-------+----------+-------------------------------------------
     0 | D:1      | Jerry the Vine Stalker Fighter began the quest for the Orb.
     0 | D:1      | Reached XP level 1. HP: 11/11 MP: 2/2
   109 | D:1      | Reached XP level 2. HP: 16/16 MP: 3/3
   445 | D:1      | Reached XP level 3. HP: 19/19 MP: 4/4
  1296 | D:2      | Found a broken altar of Ashenzari.
  1821 | D:3      | Noticed Grinder
  1829 | D:3      | Killed Grinder
  1830 | D:3      | Gained mutation: Your natural rate of healing is unusually
                  | fast. [Vine Stalker growth]
  1830 | D:3      | Reached XP level 4. HP: 25/25 MP: 5/5
  1830 | D:3      | Reached XP level 5. HP: 29/29 MP: 6/6
  1830 | D:3      | Reached XP level 6. HP: 33/33 MP: 7/7
  2485 | D:4      | Noticed a wyvern
  2503 | D:4      | Killed a wyvern
  2504 | D:4      | Reached XP level 7. HP: 6/37 MP: 2/8
  2862 | D:5      | Entered Level 5 of the Dungeon
  3436 | D:5      | You fall into a shaft and drop 3 floors!
  3472 | D:8      | Gained mutation: You have razor-sharp teeth. [Vine Stalker
                  | growth]
  3472 | D:8      | Reached XP level 8. HP: 42/42 MP: 9/9
  3555 | D:7      | Noticed a wyvern
  3571 | D:7      | Killed a wyvern
  3572 | D:7      | Reached skill level 5 in Fighting
  3572 | D:7      | Reached skill level 5 in Shields
  3651 | D:7      | Reached skill level 5 in Short Blades
  3728 | D:7      | Reached skill level 5 in Armour
  3744 | D:7      | Found a staircase to the Ecumenical Temple.
  3789 | Temple   | Entered the Ecumenical Temple
  3857 | Temple   | Became a worshipper of Uskayaw the Reveller
  3941 | D:7      | Reached * piety under Uskayaw
  3942 | D:7      | Reached ** piety under Uskayaw
  4106 | D:7      | Found a sand-covered staircase.
  4115 | Ossuary  | Entered an ossuary
  4210 | Ossuary  | Reached *** piety under Uskayaw
  4418 | Ossuary  | Reached XP level 9. HP: 48/48 MP: 10/10
  4638 | D:7      | Noticed Prince Ribbit
  4642 | D:7      | Reached **** piety under Uskayaw
  4651 | D:7      | Reached ***** piety under Uskayaw
  4659 | D:7      | Reached ****** piety under Uskayaw
  4670 | D:7      | Killed Prince Ribbit
  4821 | D:7      | Noticed a gargoyle
  4883 | D:6      | HP: 2/48 [orc warrior/+0 glaive (10)]
  5076 | D:6      | Noticed Menkaure
  5080 | D:6      | Killed Menkaure
  5448 | D:6      | Found an ornate altar of the Wu Jian Council.
  5637 | D:6      | Found a stormy altar of Qazlal.
  5639 | D:6      | Found a sacrificial altar of Ru.
  6304 | D:7      | Killed from afar by a gargoyle

Illustrated notes

Levels and vault maps discovered:
D:1:      minmay_arrival_checkered_box, layout_basic
D:2:      layout_loops_ring, basic_altar
D:3:      layout_basic, uniq_grinder
D:4:      layout_rooms
D:5:      nicolae_cairo_tiling_very_big, layout_gridville, st_stairs_7,
          kennysheep_generic_room_13
D:6:      layout_basic, gammafunk_temple_overflow_forgotten, uniq_menkaure
D:7:      layout_cave_pods, minmay_temple_entry_tees,
          nicolae_ossuary_entry_plus, minmay_shattered_shrine,
          uniq_prince_ribbit1
D:8:      layout_loops_corners, nicolae_gozag_conspicuous_consumption,
          dk_vineyard_3, nicolae_figureground_pulse
Temple:   eino_wide_crystal_templ

Skill      XL: |  1  2  3  4  5  6  7  8  9 |
---------------+----------------------------+-----
Short Blades   | 2 3 4 5 6 |  6.4
Shields        | 3 4 5 6 |  6.7
Fighting       | 3 4 5 6 |  6.7
Armour         | 3 4 5 6 |  6.1
Invocations    | |  0.8

Action                   |  1- 3 |  4- 6 |  7- 9 || total
-------------------------+-------+-------+-------++-------
Melee: Rapier            |    81 |    33 |       ||   114
       Bite              |    15 |    21 |   210 ||   246
       Dagger            |       |    43 |    31 ||    74
       Short sword       |       |       |   469 ||   469
Evoke: Wand              |       |       |    13 ||    13
  Use: Potion            |     1 |     1 |     1 ||     3
       Scroll            |       |     4 |    14 ||    18
 Stab: Paralysed         |       |       |     8 ||     8
Armor: Scale mail        |    17 |    27 |    75 ||   119
       Skin              |       |       |     5 ||     5
Dodge: Dodged            |    25 |    25 |    76 ||   126
Block: Buckler           |    11 |    18 |    71 ||   100
